 Dungeon Crawl Stone Soup version 0.27.0-1-g7a089689b8 (webtiles) character file.

Game seed: 4259385595443188932

80075 MDvedh the Severer (level 15, -2/217 HPs)
             Began as a Minotaur Berserker on Aug 8, 2021.
             Was a High Priest of Trog.
             Slain by an orc warrior (13 damage)
             ... on level 2 of the Orcish Mines.
             The game lasted 00:28:06 (21737 turns).

MDvedh the Severer (Minotaur Berserker)            Turns: 21737, Time: 00:28:07

Health: -2/217     AC: 23    Str: 24    XL:     15   Next: 22%
Magic:  14/14      EV: 13    Int:  4    God:    Trog [*****.]
Gold:   593        SH:  5    Dex: 14    Spells: 14/14 levels left

rFire    . . .     SeeInvis .   D - +4 executioner's axe
rCold    . . .     Faith    .   (shield currently unavailable)
rNeg     + + .     Spirit   .   f - +0 plate armour
rPois    .         Reflect  +   (helmet restricted)
rElec    .         Harm     .   z - +2 cloak
rCorr    .         Rampage  .   B - +0 pair of gloves
Will     +....                  H - +0 pair of boots
Stlth    ..........             h - amulet of reflection
HPRegen  0.46/turn              a - ring of the Queen {rN++ AC+4}
MPRegen  0.14/turn              n - +4 ring of slaying

@: berserking, very quick
A: horns 2, retaliatory headbutt, deformed body
a: Renounce Religion, Berserk, Trog's Hand, Brothers in Arms


You were on level 2 of the Orcish Mines.
You worshipped Trog.
Trog was extremely pleased with you.
You visited 3 branches of the dungeon, and saw 20 of its levels.

You collected 1564 gold pieces.
You spent 971 gold pieces at shops.

Inventory:

Hand Weapons
 j - a +2 battleaxe of distortion
 l - a +3 vorpal war axe
 D - a +4 executioner's axe (weapon)
Armour
 f - a +0 plate armour (worn)
 g - a +2 pair of gloves of dexterity
 z - a +2 cloak (worn)
 B - a +0 pair of gloves (worn)
 H - a +0 pair of boots (worn)
Jewellery
 a - the ring of the Queen (left hand) {rN++ AC+4}
   (You acquired it on level 1 of the Lair of Beasts)

   [ring of protection]

   AC:        It affects your AC (+4).
   rN:        It greatly protects you from negative energy.
 b - a ring of see invisible
 c - a ring of ice
 h - an amulet of reflection (around neck)
 n - a +4 ring of slaying (right hand)
 x - a ring of ice
 A - a ring of fire
 E - a ring of protection from cold
 I - a ring of flight
 J - a +6 ring of dexterity
 L - a ring of poison resistance
 N - the ring of Hepliaklqana's Wrath {Will+ Str+3 Int+7 Dex-5}
   (You acquired it on level 11 of the Dungeon)

   [ring of willpower]

   Str:       It affects your strength (+3).
   Int:       It affects your intelligence (+7).
   Dex:       It affects your dexterity (-5).
   Will:      It increases your willpower.
 Q - an amulet of the acrobat
Wands
 m - a wand of digging (5)
 u - a wand of paralysis (28)
 F - a wand of acid (18)
 M - a wand of iceblast (16)
Scrolls
 e - 4 scrolls of fear
 o - 4 scrolls of identify
 q - 7 scrolls of teleportation
 y - 6 scrolls of enchant armour
 C - a scroll of blinking
 O - a scroll of torment {unknown}
Potions
 d - 3 potions of lignification
 i - 4 potions of haste
 k - 2 potions of heal wounds
 p - 2 potions of ambrosia
 r - 2 potions of resistance
 s - 2 potions of invisibility
 t - 6 potions of curing
 v - a potion of cancellation
 w - 3 potions of magic
 K - a potion of flight
 P - a potion of attraction {unknown}
 R - a potion of might
Miscellaneous
 G - a piece from Xom's chessboard (15/15)


   Skills:
 - Level 16.3 Fighting
 * Level 18.1 Axes
 - Level 16.2 Armour
 - Level 14.6 Dodging


You had 14 spell levels left.
You didn't know any spells.
Your spell library was empty.

Dungeon Overview and Level Annotations

Branches:
Dungeon (12/15)            Temple (0/1) D:5            Lair (6/6) D:10
 Shoals (0/4) Lair:4        Snake (0/4) Lair:3        Slime (0/5) Lair:6
    Orc (2/2) D:11            Elf (0/3) Orc:2

Altars:
Fedhas
Kikubaaqudgha
Makhleb
Okawaru
Qazlal
Uskayaw
Vehumet
Xom
Yredelemnul
Zin
Beogh
Jiyva

Shops:
D:6 *   D:11 *   Orc:2 !*(=

Annotations:
D:2 1 runed translucent door, Crazy Yiuf


Innate Abilities, Weirdness & Mutations

You have a pair of horns on your head.
You reflexively headbutt those who attack you in melee.
Armour fits poorly on your strangely shaped body.


Message History

You are too injured to fight recklessly!
Unknown command.
A red film seems to cover your vision as you go berserk!
You feel yourself moving faster!
You feel mighty! You block the ettin's attack. The ettin barely misses you.
The orc priest closely misses you. The orc warrior completely misses you.
The orc closely misses you.
The orc warrior hits you with a +0 trident.
The orc priest invokes the aid of Beogh against you.
Beogh smites you!
* * * LOW HITPOINT WARNING * * *
The orc priest calls upon Beogh to heal the orc warrior.
The orc warrior is healed somewhat.
You hear a shout!
You slash the ettin!
The ettin is almost dead.
You hit the orc warrior. You slash the orc priest!
You feel the power of Trog in you as your rage grows.
You kill the orc priest!
Trog accepts your kill.
The ettin hits you with a +0 dire flail!!
* * * LOW HITPOINT WARNING * * *
The ettin hits you with a +0 dire flail!
* * * LOW HITPOINT WARNING * * *
The orc warrior closely misses you.
You slice the ettin!!
You feel the power of Trog in you as your rage grows.
You kill the ettin!
Trog accepts your kill.
You hit the orc priest. You slice the orc warrior!!
You kill the orc warrior!
Trog accepts your kill. The orc closely misses you.
The orc priest invokes the aid of Beogh against you.
Beogh smites you!
* * * LOW HITPOINT WARNING * * *
You barely miss the orc. You slice the orc priest!!
You kill the orc priest!
Trog accepts your kill.
The orc warrior hits you from afar with a +0 glaive!
You die...

...................^..
.....................##
##########..........
#............
#............
#............
#...........
#...........
#@).........
..o..ooo).......$.
.....o.o..........
....oo............
#.#.#.#...........
......#..........
.....##........∩ ...##
#........


You could see an orc warrior, 4 orc priests and 3 orcs.

Vanquished Creatures
  Gastronok (Lair:3)
  The ghost of Nordron the Warrior, a journeyman PaWr of Cheibriados (Lair:6)
  An ettin (Orc:2)
  8 hydras
  An ogre mage (D:12)
  Erolcha (D:11)
  2 centaur warriors
  6 two-headed ogres
  15 death yaks
  2 orc knights
  Pikel (D:5)
  An orc sorcerer (Orc:2)
  2 harpies (Lair:6)
  4 manticores
  5 cyclopes (D:12)
  6 black mambas
  15 elephants
  A torpor snail (Lair:6)
  2 gargoyles (D:12)
  15 cane toads
  2 unseen horrors
  Psyche (D:8)
  6 rime drakes
  2 freezing wraiths (D:12)
  2 efreet (D:12)
  A tengu conjurer (D:12)
  11 komodo dragons
  5 trolls
  2 hornets
  2 wind drakes (Lair:6)
  5 polar bears (Lair:6)
  26 blink frogs
  A slime creature (D:12)
  6 dream sheep (Lair:6)
  2 snapping turtles (Lair:6)
  A meliai zombie (D:11)
  2 water elementals (D:11)
  44 yaks
  5 wyverns
  3 shadows
  The ghost of Rayvis the Shield-Bearer, an amateur GnFi (D:6)
  5 basilisks
  A steam dragon (D:8)
  4 vampire mosquitoes (D:11)
  3 nagas (Lair:3)
  4 wargs
  11 water moccasins
  3 ice beasts
  3 black bears
  8 orc warriors
  4 centaurs
  3 necrophages
  5 ogres
  A boggart (D:12)
  7 wolves
  2 lemures (D:5)
  Blork the orc (D:5)
  A kobold brigand (D:9)
  17 bullfrogs
  Dowan (D:5)
  3 scorpions
  9 killer bees
  4 wights (D:7)
  13 electric eels
  5 centaur zombies
  8 orc priests
  2 hounds
  2 gnoll shamans
  4 centaur skeletons
  3 iguanas
  Ijyb (D:5)
  17 orc wizards
  A hound skeleton (D:5)
  A howler monkey zombie (D:8)
  12 gnolls
  11 adders
  A white imp (D:7)
  4 ufetubi
  2 dart slugs
  4 worms
  38 orcs
  5 ball pythons
  6 endoplasms
  5 giant cockroaches
  4 hobgoblins
  2 quokkas
  4 bats
  A frilled lizard (D:1)
  4 goblins
  10 kobolds
  4 rats
  A bush (Lair:6)
495 creatures vanquished.

Vanquished Creatures (collateral kills)
  A dire elephant (Lair:6)
  2 hydras
  A merfolk avatar (Lair:6)
  A manticore (Lair:6)
  A cane toad (Lair:1)
  A blink frog (Lair:1)
  2 dream sheep (Lair:6)
  A water moccasin (Lair:1)
10 creatures vanquished.

Vanquished Creatures (others)
  Duvessa (D:5)
  17 fungi
  59 plants
  4 withered plants (D:6)
81 creatures vanquished.

Grand Total: 586 creatures vanquished

Notes
Turn   | Place    | Note
-------+----------+-------------------------------------------
     0 | D:1      | MDvedh the Minotaur Berserker began the quest for the Orb.
     0 | D:1      | Reached XP level 1. HP: 19/19 MP: 0/0
    33 | D:1      | Reached skill level 4 in Axes
   227 | D:1      | Reached XP level 2. HP: 26/26 MP: 1/1
   343 | D:1      | Found a faded altar of an unknown god.
   445 | D:1      | Reached skill level 5 in Axes
   538 | D:2      | Reached XP level 3. HP: 31/31 MP: 2/2
   578 | D:2      | Reached ** piety under Trog
   876 | D:2      | Reached skill level 6 in Axes
   876 | D:2      | Reached XP level 4. HP: 35/39 MP: 3/3
   937 | D:2      | Found a runed translucent door.
   938 | D:2      | Noticed Crazy Yiuf
  1816 | D:4      | Reached skill level 7 in Axes
  1816 | D:4      | Reached XP level 5. HP: 27/45 MP: 4/4
  2598 | D:4      | Reached skill level 8 in Axes
  2842 | D:5      | Entered Level 5 of the Dungeon
  2842 | D:5      | Noticed Duvessa
  2842 | D:5      | Noticed Dowan
  2842 | D:5      | Noticed a necrophage
  2843 | D:5      | Noticed a necrophage
  2855 | D:4      | Reached XP level 6. HP: 29/51 MP: 5/5
  2863 | D:4      | Reached *** piety under Trog
  2992 | D:5      | Reached skill level 9 in Axes
  2993 | D:5      | Killed Duvessa
  2994 | D:5      | Reached XP level 7. HP: 57/57 MP: 6/6
  2994 | D:5      | Killed Dowan
  2995 | D:5      | Reached skill level 10 in Axes
  3099 | D:5      | Noticed Pikel
  3110 | D:5      | Killed Pikel
  3111 | D:5      | Reached skill level 11 in Axes
  3111 | D:5      | Reached XP level 8. HP: 64/64 MP: 7/7
  3151 | D:5      | Noticed Ijyb
  3169 | D:5      | Paralysed by Ijyb for 2 turns
  3174 | D:5      | Killed Ijyb
  3418 | D:5      | Noticed Blork the orc
  3426 | D:5      | Killed Blork the orc
  3427 | D:5      | Reached skill level 12 in Axes
  3538 | D:5      | Found a staircase to the Ecumenical Temple.
  4388 | D:6      | Found a basalt altar of Yredelemnul.
  4403 | D:6      | Reached skill level 13 in Axes
  4470 | D:6      | Found Pivvit's General Store.
  4477 | D:6      | Bought a scroll of enchant armour for 75 gold pieces
  4477 | D:6      | Bought a scroll of identify for 20 gold pieces
  4478 | D:6      | Found a stormy altar of Qazlal.
  4740 | D:6      | Found a runed translucent door.
  5233 | D:6      | Reached XP level 9. HP: 70/70 MP: 8/8
  5294 | D:6      | Reached skill level 14 in Axes
  5507 | D:6      | Noticed Rayvis's ghost (amateur GnFi)
  5528 | D:6      | Killed Rayvis's ghost
  5718 | D:7      | Gained mutation: Your body sometimes deteriorates upon
                  | taking damage. [potion of mutation]
  5718 | D:7      | Gained mutation: You are frail. (-10% HP) [potion of
                  | mutation]
  5804 | D:7      | Reached **** piety under Trog
  5831 | D:7      | Noticed a two-headed ogre
  5836 | D:7      | Found a glowing silver altar of Zin.
  5875 | D:7      | Killed a two-headed ogre
  5876 | D:7      | Reached skill level 15 in Axes
  6530 | D:7      | Found a blossoming altar of Fedhas.
  6643 | D:8      | Reached skill level 16 in Axes
  6836 | D:8      | Noticed Psyche
  6984 | D:8      | Killed Psyche
  6985 | D:8      | Reached XP level 10. HP: 67/72 MP: 9/9
  7090 | D:8      | Reached skill level 5 in Fighting
  7506 | D:9      | Noticed a two-headed ogre
  7515 | D:9      | Reached skill level 5 in Armour
  7521 | D:9      | Killed a two-headed ogre
  7683 | D:9      | Noticed a centaur warrior
  7700 | D:9      | Killed a centaur warrior
  8000 | D:9      | Found an ancient bone altar of Kikubaaqudgha.
  8001 | D:9      | Found a shimmering altar of Xom.
  8080 | D:9      | Noticed a two-headed ogre
  8088 | D:9      | Killed a two-headed ogre
  8774 | D:10     | Entered Level 10 of the Dungeon
  8892 | D:10     | Found a staircase to the Lair.
  8901 | D:10     | Reached XP level 11. HP: 87/87 MP: 10/10
  9062 | D:10     | Reached ***** piety under Trog
  9332 | D:10     | Noticed a two-headed ogre
  9340 | D:10     | Killed a two-headed ogre
  9438 | Lair:1   | Entered Level 1 of the Lair of Beasts
  9442 | Lair:1   | Reached skill level 10 in Fighting
  9446 | Lair:1   | Noticed a four-headed hydra
  9457 | Lair:1   | Reached skill level 10 in Armour
  9492 | Lair:1   | Killed a four-headed hydra
  9775 | Lair:1   | Found a burning altar of Makhleb.
  9808 | Lair:1   | Noticed a seven-headed hydra
  9823 | Lair:1   | Killed a 12-headed hydra
 10011 | Lair:1   | Noticed a four-headed hydra
 10018 | Lair:1   | Killed a nine-headed hydra
 10113 | Lair:1   | Identified 4 scrolls of acquirement
 10113 | Lair:1   | Acquired the ring of the Queen {rN++ AC+4}
 10163 | Lair:1   | Reached XP level 12. HP: 95/100 MP: 11/11
 10191 | Lair:1   | Acquired a +2 pair of gloves of dexterity
 10194 | Lair:1   | Acquired a +2 battleaxe of distortion
 10195 | Lair:1   | Acquired a manual of Dodging
 10731 | Lair:2   | Reached skill level 5 in Dodging
 10778 | Lair:2   | Lost mutation: You are frail. (-10% HP) [potion of
                  | mutation]
 10778 | Lair:2   | Lost mutation: Your body sometimes deteriorates upon taking
                  | damage. [potion of mutation]
 10778 | Lair:2   | Gained mutation: Armour fits poorly on your strangely
                  | shaped body. [potion of mutation]
 11615 | Lair:3   | Noticed Gastronok
 11630 | Lair:3   | Killed Gastronok
 12010 | Lair:3   | Found a staircase to the Snake Pit.
 12514 | Lair:4   | Noticed a death yak
 12514 | Lair:4   | Noticed a death yak
 12514 | Lair:4   | Noticed a death yak
 12514 | Lair:4   | Noticed a death yak
 12514 | Lair:4   | Noticed a death yak
 12514 | Lair:4   | Noticed a death yak
 12520 | Lair:4   | Killed a death yak
 12523 | Lair:4   | Killed a death yak
 12524 | Lair:4   | Reached XP level 13. HP: 123/123 MP: 12/12
 12531 | Lair:4   | Reached skill level 10 in Dodging
 12744 | Lair:4   | Received a gift from Trog
 13630 | Lair:4   | Found a staircase to the Shoals.
 14029 | Lair:5   | Reached skill level 15 in Fighting
 14665 | Lair:6   | Entered Level 6 of the Lair of Beasts
 14665 | Lair:6   | Found a staircase to the Slime Pits.
 14665 | Lair:6   | Found a viscous altar of Jiyva.
 14679 | Lair:6   | Reached skill level 15 in Armour
 14699 | Lair:6   | Received a gift from Trog
 14700 | Lair:6   | Reached XP level 14. HP: 135/135 MP: 13/13
 14966 | Lair:6   | Found a runed translucent gate.
 14966 | Lair:6   | Found a runed translucent gate.
 14966 | Lair:6   | Found a runed translucent gate.
 15440 | Lair:6   | HP: 2/136 [dire elephant (28)]
 15918 | Lair:6   | Noticed Nordron's ghost (journeyman PaWr)
 15952 | Lair:6   | Identified the +7 trident of Exhibitionism {vorpal, rPois
                  | rCorr Int-3 Stlth-}
 16007 | Lair:6   | Killed Nordron's ghost
 16461 | Lair:6   | Received a gift from Trog
 16927 | D:11     | Reached skill level 17 in Axes
 17569 | D:11     | Found Vaat's General Store.
 17783 | D:11     | Bought a scroll of acquirement for 832 gold pieces
 17783 | D:11     | Acquired the ring of Hepliaklqana's Wrath {Will+ Str+3
                  | Int+7 Dex-5}
 17823 | D:11     | Noticed Erolcha
 17829 | D:11     | Killed Erolcha
 19234 | D:11     | Found a staircase to the Orcish Mines.
 19839 | D:12     | Reached XP level 15. HP: 109/144 MP: 14/14
 20023 | D:12     | Found the +7 lajatang of Order {silver, rMut}
 20201 | D:12     | Identified the +1 ring mail "Hyjiw" {Int+7}
 20348 | D:12     | Found a burning altar of Makhleb.
 20361 | D:12     | Found a hide-covered altar of Uskayaw.
 20362 | D:12     | Found an iron altar of Okawaru.
 20362 | D:12     | Found a glowing silver altar of Zin.
 20733 | Orc:1    | Entered Level 1 of the Orcish Mines
 21184 | Orc:2    | Entered Level 2 of the Orcish Mines
 21184 | Orc:2    | Found a staircase to the Elven Halls.
 21184 | Orc:2    | Found Hocsuno's Distillery.
 21273 | Orc:2    | Bought a potion of might for 44 gold pieces
 21348 | Orc:2    | Found a radiant altar of Vehumet.
 21375 | Orc:2    | Received a gift from Trog
 21609 | Orc:2    | Found Wigoir Guukh's Assorted Antiques.
 21652 | Orc:2    | Reached skill level 18 in Axes
 21654 | Orc:2    | Found Jefig's Weapon Boutique.
 21725 | Orc:2    | Found Veuwew's Jewellery Shoppe.
 21737 | Orc:2    | Slain by an orc warrior

Illustrated notes

Levels and vault maps discovered:
D:1:      dpeg_arrival_stone_temple_mockup, layout_basic, serial_shops, shop,
          ebering_ecumenical_altar_mist, minmay_distorted
D:2:      minmay_wonky_spiral, layout_loops_ring, kennysheep_boxes,
          uniq_crazy_yiuf_cottage
D:3:      layout_basic
D:4:      layout_basic
D:5:      layout_cave_pods, minmay_temple_entry_mist, uniq_pikel,
          uniq_blork_the_orc, uniq_duvessa, uniq_ijyb
D:6:      layout_loops_cross, yredelemnul_altar_generic,
          mainiacjoe_overflow_tiny_flanked, ebering_ghost_sewer_d, serial_shops,
          shop
D:7:      layout_loops_ring, mainiacjoe_overflow_surrounded_room,
          nicolae_overflow_hidden_temple
D:8:      layout_gridville, hangedman_decor_points, uniq_psyche
D:9:      layout_basic, mainiacjoe_overflow_catwalk_spiral,
          palyth_stone_intersect, minmay_misc_feat_rugged, minmay_statues_item
D:10:     layout_roguey, david_lair_generic
D:11:     layout_basic, serial_shops, nicolae_diamond_shop, uniq_erolcha
D:12:     minmay_the_grid_octo_tiled_octocenter [minmay_the_grid_octo_checkered,
          minmay_the_grid_octo_shrine, minmay_the_grid_octo_teeth,
          minmay_the_grid_octo_chip,
          minmay_the_grid_octo_prize_ultimate_mussel_roller,
          minmay_the_grid_square_5x5_c, minmay_the_grid_square_5x5_two_small,
          minmay_the_grid_square_5x5_intrusive_squares,
          minmay_the_grid_square_5x5_minivault], layout_gridville, minivault_25
Lair:1:   layout_hall_layers, gauntlet_entry_generic, basic_altar,
          beast_lair_carwin_11
Lair:2:   layout_cave_shapes, serial_bayou, serial_bayou_pond_c,
          serial_bayou_pond_b, serial_bayou_pond_a, serial_bayou_pond_a,
          beast_lair_carwin_4
Lair:3:   layout_roguey, guppyfry_snake_entry_island, enter_volcano_4,
          lemuel_fruit_tree, uniq_gastronok
Lair:4:   layout_regular_city, elwin_shoals_entry_rocks,
          minmay_stone_trees_small, serial_bayou_lake_a, grunt_megastairs_5
Lair:5:   layout_misc_corridors
Lair:6:   gammafunk_lair_ancient_temple, layout_misc_corridors, slime_altar_1,
          gammafunk_ghost_split
Orc:1:    layout_caves, nicolae_shop_clearance
Orc:2:    st_orc_pillars, layout_caves, basic_altar, serial_shops, shop,
          nicolae_square_shop, shop, shop, mines1_david

Skill      XL: |  1  2  3  4  5  6  7  8  9 10 11 12 13 14 15 |
---------------+----------------------------------------------+-----
Axes           | 4 5 6 7 8 9 11 13 16 17 18 | 18.1
Fighting       | 4 9 12 13 15 16 | 16.3
Armour         | 3 8 11 13 15 16 | 16.2
Dodging        | 9 13 14 | 14.6

Action                   |  1- 3 |  4- 6 |  7- 9 | 10-12 | 13-15 || total
-------------------------+-------+-------+-------+-------+-------++-------
Melee: Hand axe          |    97 |   124 |   190 |       |       ||   411
       Headbutt          |     9 |    22 |    39 |   125 |   173 ||   368
       War axe           |       |       |    32 |   431 |   226 ||   689
       Unarmed           |       |       |     5 |       |       ||     5
       Executioner's axe |       |       |       |       |   416 ||   416
Invok: Berserk           |       |     1 |     7 |     8 |     8 ||    24
       Trog's Hand       |       |       |     1 |       |     2 ||     3
       Brothers in Arms  |       |       |       |     2 |     3 ||     5
  Use: Scroll            |       |       |     5 |    18 |     6 ||    29
       Potion            |       |       |     1 |     1 |     3 ||     5
 Stab: Sleeping          |     1 |       |       |       |       ||     1
       Invisible         |       |       |     3 |       |       ||     3
Armor: Animal skin       |     2 |       |       |       |       ||     2
       Chain mail        |    24 |       |       |       |       ||    24
       Plate armour      |    34 |    84 |   105 |   221 |   394 ||   838
Dodge: Dodged            |    28 |    49 |    58 |   124 |   380 ||   639
Block: Other             |       |       |    10 |    73 |   142 ||   225
       Reflection        |       |       |       |     3 |       ||     3
